 Dungeon Crawl Stone Soup version 0.30-a0-949-g53dc5368d7 (webtiles) character file.

Game seed: 8322727304233864708

39529 derpindaisy the Blocker (level 14, 0/124 HPs)
             Began as a Hill Orc Fighter on Aug 13, 2022.
             Was a High Priest of Beogh.
             Slain by a centaur warrior (2 damage)
             ... on level 1 of the Shoals on Mar 27, 2023.
             The game lasted 01:06:09 (23656 turns).

derpindaisy the Blocker (Hill Orc Fighter)         Turns: 23656, Time: 01:06:10

Health: 0/124      AC: 16    Str: 21    XL:     14   Next: 7%
Magic:  0/23       EV: 18    Int:  9    God:    Beogh [*****.]
Gold:   300        SH: 16    Dex: 20    Spells: 11/14 levels left

rFire   + . .      SeeInvis .    E - +3 trident "Veomoo" {elec, rC+ Will+ Int+2}
rCold   + . .      Faith    .    c - +0 buckler
rNeg    . . .      Spirit   +    p - +2 robe {rF+}
rPois   .          Reflect  .    O - +1 helmet
rElec   .          Rampage  .    o - +0 cloak
rCorr   +                        B - +0 pair of gloves
Will    ++...                    S - +2 pair of boots "Coiddiw" {rCorr Dex+4}
Stlth   ++++                     r - brooch of Shielding {Spirit SH+8}
HPRegen 0.40/turn                i - ring of magical power
MPRegen 0.18/turn                M - +4 ring of protection

@: no status effects
A: walk on water, agile 1
a: Renounce Religion, Smiting, Recall Orcish Followers, Give Item to Named
Follower


You were on level 1 of the Shoals.
You worshipped Beogh.
Beogh was extremely pleased with you.
You visited 4 branches of the dungeon, and saw 16 of its levels.

You collected 868 gold pieces.
You spent 568 gold pieces at shops.

Inventory:

Hand Weapons
 x - a +0 heavy spear
 E - the +3 trident "Veomoo" (weapon) {elec, rC+ Will+ Int+2}
   (You found it on level 5 of the Lair of Beasts)

   Int:       It affects your intelligence (+2).
   rC:        It protects you from cold.
   Will:      It increases your willpower.
 N - a +0 quarterstaff of freezing
Armour
 c - a +0 buckler (worn)
 o - a +0 cloak (worn)
 p - a +2 robe of fire resistance (worn)
 B - a +0 pair of gloves (worn)
 I - a scarf of invisibility
 O - a +1 helmet (worn)
 S - the +2 pair of boots "Coiddiw" (worn) {rCorr Dex+4}
   (You bought it in a shop on level 9 of the Dungeon)

   Dex:       It affects your dexterity (+4).
   rCorr:     It protects you from acid and corrosion.
Jewellery
 i - a ring of magical power (left hand)
 l - a ring of ice
 q - a ring of protection from fire
 r - the brooch of Shielding (around neck) {Spirit SH+8}
   (You found it on level 2 of the Dungeon)

   [amulet of guardian spirit]

   It causes incoming damage to be divided between your reserves of health and
   magic.
   SH:        It affects your SH (+8).
 v - a ring of positive energy
 A - a ring of flight
 K - a ring of fire
 M - a +4 ring of protection (right hand)
 P - a +6 ring of intelligence
Wands
 b - a wand of paralysis (12)
 d - a wand of iceblast (2)
 h - a wand of mindburst (16)
 C - a wand of polymorph (5)
 G - a wand of digging (6)
Scrolls
 e - 2 scrolls of enchant weapon
 g - 3 scrolls of vulnerability
 j - a scroll of teleportation
 k - 2 scrolls of immolation
 n - 2 scrolls of enchant armour
 u - 3 scrolls of identify
 w - a scroll of torment
 F - a scroll of noise
 J - a scroll of amnesia
 R - a scroll of magic mapping
Potions
 a - a potion of might
 f - 2 potions of invisibility
 m - a potion of resistance
 s - a potion of haste
 t - 6 potions of curing
 z - a potion of ambrosia {unknown}
 D - a potion of flight
 H - a potion of brilliance
 L - a potion of magic


   Skills:
 + Level 11.5 Fighting
 + Level 6.3(11.7) Axes
 + Level 12.9(13.3) Polearms
 + Level 4.4 Armour
 + Level 9.0 Dodging
 + Level 6.2 Stealth
 + Level 14.0 Shields
 + Level 0.5 Spellcasting
 + Level 0.9 Transmutations
 + Level 1.0 Poison Magic
 + Level 0.6 Invocations
 - Level 2.3 Evocations


You had 11 spell levels left.
You knew the following spells:

 Your Spells              Type           Power      Damage    Failure   Level
a - Sting                 Tmut/Pois      8%         1d3       30%         1
b - Poisonous Vapours     Pois/Air       2%         N/A       50%         2

Your spell library contained the following spells:

 Spells                   Type           Power      Damage    Failure   Level
 Sandblast                Erth           0%         2d4       41%         1
 Passwall                 Tmut/Erth      0%         N/A       50%         2
 Ensorcelled Hibernation  Hex/Ice        0%         N/A       56%         2
 Static Discharge         Conj/Air       0%         2-2/arc   56%         2
 Ignite Poison            Fire/Tmut/Pois 1%         N/A       71%         3
 Stone Arrow              Conj/Erth      0%         3d7       80%         3
 Swiftness                Air            0%         N/A       80%         3
 Tukima's Dance           Hex            0%         N/A       80%         3
 Olgreb's Toxic Radiance  Pois           2%         N/A       96%         4
 Anguish                  Hex/Necr       0%         N/A       99%         4
 Dispel Undead            Necr           0%         3d6       99%         4
 Passage of Golubria      Tloc           0%         N/A       99%         4
 Iskenderun's Battlesphe  Conj           0%         2d6       100%        5
 Lightning Bolt           Conj/Air       0%         1d11      100%        5
 Yara's Violent Unravell  Hex/Tmut       0%         3d3       100%        5
 Death Channel            Necr           0%         N/A       100%        6
 Iron Shot                Conj/Erth      0%         9d1       100%        6
 Enfeeble                 Hex            0%         N/A       100%        7
 Spellforged Servitor     Conj/Summ      0%         N/A       100%        7
 Maxwell's Capacitive Co  Air            0%         ∞         100%        8


Dungeon Overview and Level Annotations

Branches:
Dungeon (9/15)             Temple (0/1) D:4            Lair (5/5) D:9
 Shoals (1/4) Lair:3       Spider (0/4) Lair:2        Slime (1/5) Lair:5
    Orc: D:9-12

Altars:
Cheibriados
Elyvilon
Fedhas
Gozag
Hepliaklqana
Nemelex Xobeh
Qazlal
Trog
Uskayaw
Vehumet
Yredelemnul
Zin
The Shining One
Beogh

Shops:
D:1 *!!?   D:9 [

Annotations:
D:8 3 runed translucent doors
Lair:2 1 runed translucent door, Cusiw's ghost, journeyman DsGl


Innate Abilities, Weirdness & Mutations

You can walk on water.
You are agile. (Dex +4, Str/Int -1)


Message History

You block the centaur warrior's attack. x2
The centaur warrior hits you but does no damage.
The centaur warrior misses you. The centaur warrior hits you!
* * * LOW HITPOINT WARNING * * *
The centaur warrior closely misses you. You block the centaur warrior's attack.
The centaur warrior kicks you but does no damage.
The centaur warrior hits you!
* * * LOW HITPOINT WARNING * * *
The centaur warrior completely misses you.
The centaur warrior barely misses you. You block the centaur warrior's attack.
The centaur warrior closely misses you.
You block the centaur warrior's attack. x2
The centaur warrior kicks you but does no damage.
The centaur warrior hits you but does no damage.
You block the centaur warrior's attack. The centaur warrior barely misses you.
You block the centaur warrior's attack.
The centaur warrior hits you but does no damage.
The centaur warrior kicks you but does no damage.
The centaur warrior hits you but does no damage.
The centaur warrior misses you. You block the centaur warrior's attack.
The centaur warrior closely misses you.
You block the centaur warrior's attack. x2
The centaur warrior hits you.
* * * LOW HITPOINT WARNING * * *
The centaur warrior kicks you but does no damage.
You block the centaur warrior's attack. x3
The centaur warrior kicks you but does no damage.
The centaur warrior hits you!
* * * LOW HITPOINT WARNING * * *
The centaur warrior kicks you but does no damage.
The centaur warrior misses you. You block the centaur warrior's attack.
The centaur warrior hits you.
* * * LOW HITPOINT WARNING * * *
You block the centaur warrior's attack.
You block the centaur warrior's attack. x2
You block the centaur warrior's attack.
The centaur warrior kicks you but does no damage.
The centaur warrior hits you.
You die...

. .###.. ... ..
..... #~.#
...###...###~..)
..~~.#####.~~...
.~~~~.~~~~~....
~~~~~~~~..~.#
.~~~~~~<~...#
..~~~~~.~...#
..~~~~...@..#
m~~~~....c..#
~~~....##...#
~~....# #..~..
~~~... ..~~~≈≈
~~...~ ~~~~~≈≈≈≈
~~.. .~~~≈≈≈≈~
.~~~≈≈≈≈≈~


You could see a centaur warrior.

Vanquished Creatures
  Josephine (Lair:4)
  2 boulder beetles
  Fannar (Lair:1)
  2 hydras
  A merfolk avatar (Lair:5)
  A two-headed ogre (D:8)
  3 death yaks
  A harpy (Lair:5)
  A manticore (Lair:5)
  17 elephants
  A torpor snail (Lair:4)
  4 cane toads
  4 black mambas
  4 rime drakes
  Maggie (D:7)
  6 komodo dragons
  4 polar bears
  A troll (D:8)
  A wind drake (Lair:5)
  2 hornets
  A snapping turtle (Lair:5)
  2 slime creatures (Lair:5)
  Prince Ribbit (D:5)
  14 blink frogs
  Sigmund (D:2)
  4 wraiths
  4 wyverns
  52 yaks
  3 steam dragons
  3 basilisks
  2 vampire mosquitoes (D:8)
  11 water moccasins
  6 ice beasts
  3 black bears
  3 sky beasts
  4 wolves
  2 ogres
  2 centaurs
  14 bullfrogs
  A necrophage (D:8)
  7 scorpions
  An orc priest (Lair:5)
  4 wights (D:6)
  14 killer bees
  A howler monkey (D:4)
  3 hounds
  3 jellies
  2 gnoll boudas
  An iron imp (D:6)
  6 iguanas
  3 orc wizards (D:4)
  9 gnolls
  7 adders
  7 worms
  7 dart slugs
  10 orcs
  6 ball pythons
  3 bats
  5 endoplasms
  2 giant cockroaches
  7 goblins
  8 hobgoblins
  6 jackals (D:4)
  8 kobolds
  7 frilled lizards
  6 rats
334 creatures vanquished.

Vanquished Creatures (collateral kills)
  An elephant (Lair:4)
  A cane toad (Lair:3)
  3 blink frogs
  A water moccasin (Lair:5)
  A bullfrog (Lair:3)
  2 butterflies (Lair:3)
9 creatures vanquished.

Vanquished Creatures (others)
  The ghost of Jackthecabe the Caller, a novice OpSu of Sif Muna (D:8)
  An orc priest (Lair:4)
  An orc warrior (Lair:4)
  4 orc wizards
  5 orcs
  41 fungi
  46 plants
99 creatures vanquished.

Grand Total: 442 creatures vanquished

Notes
Turn   | Place    | Note
-------+----------+-------------------------------------------
     0 | D:1      | derpindaisy the Hill Orc Fighter began the quest for the
                  | Orb.
     0 | D:1      | Reached XP level 1. HP: 19/19 MP: 1/1
   104 | D:1      | Found Epserghy's Distillery.
   185 | D:1      | Reached XP level 2. HP: 27/27 MP: 2/2
   216 | D:1      | Found Buat Nyu's Magic Scroll Emporium.
   342 | D:1      | Found Borphy's Distillery.
   441 | D:1      | Found a faded altar of an unknown god.
   458 | D:1      | Prayed at the altar of an unknown god.
   458 | D:1      | Became a worshipper of Beogh the Brigand
   458 | D:1      | Reached * piety under Beogh
   515 | D:1      | Reached XP level 3. HP: 33/33 MP: 3/3
   604 | D:1      | Found Luasuf's Assorted Antiques.
  1479 | D:2      | Noticed Sigmund
  1494 | D:2      | Killed Sigmund
  1495 | D:2      | Reached skill level 5 in Axes
  1495 | D:2      | Reached XP level 4. HP: 30/41 MP: 4/4
  1495 | D:2      | Reached XP level 5. HP: 34/47 MP: 5/5
  1922 | D:2      | Found the brooch of Shielding {Spirit SH+8}
  2178 | D:3      | Reached skill level 4 in Shields
  2178 | D:3      | Reached XP level 6. HP: 42/53 MP: 6/6
  2319 | D:3      | Reached ** piety under Beogh
  2643 | D:4      | Gained mutation: You are agile. (Dex +4, Str/Int -1)
                  | [potion of mutation]
  2827 | D:4      | Found a glowing golden altar of the Shining One.
  3001 | D:4      | Reached skill level 1 in Polearms
  3001 | D:4      | Reached skill level 1 in Dodging
  3680 | D:4      | Noticed a black bear
  3685 | D:4      | Killed a black bear
  3686 | D:4      | Reached skill level 5 in Fighting
  3686 | D:4      | Reached skill level 1 in Stealth
  3686 | D:4      | Reached XP level 7. HP: 61/61 MP: 7/7
  3957 | D:4      | Found a staircase to the Ecumenical Temple.
  4193 | D:5      | Entered Level 5 of the Dungeon
  4470 | D:5      | Noticed Prince Ribbit
  4480 | D:5      | Killed Prince Ribbit
  4481 | D:5      | Reached skill level 1 in Evocations
  4481 | D:5      | Reached XP level 8. HP: 39/68 MP: 8/8
  5199 | D:5      | Reached skill level 5 in Polearms
  5672 | D:5      | Found a glowing silver altar of Zin.
  6954 | D:6      | Found a snail-covered altar of Cheibriados.
  6963 | D:6      | Reached XP level 9. HP: 75/75 MP: 9/9
  7046 | D:6      | Reached *** piety under Beogh
  7047 | D:6      | Reached skill level 5 in Shields
  8019 | D:6      | Found a blossoming altar of Fedhas.
  8339 | D:7      | Noticed Maggie
  8351 | D:7      | Killed Maggie
  8982 | D:8      | Found a runed translucent gate.
  8983 | D:8      | Found a runed translucent gate.
  8983 | D:8      | Found an opulent altar of Gozag.
  8986 | D:8      | Found a runed translucent gate.
  8989 | D:8      | Noticed a two-headed ogre
  8990 | D:8      | Noticed a centaur warrior
  8990 | D:8      | Noticed Jackthecabe's ghost (novice OpSu)
  8991 | D:8      | Noticed an efreet
  9296 | D:8      | Reached XP level 10. HP: 82/86 MP: 10/10
  9401 | D:8      | Reached skill level 6 in Shields
  9434 | D:8      | Found a stormy altar of Qazlal.
  9472 | D:8      | Found a white marble altar of Elyvilon.
  9529 | D:8      | Noticed a two-headed ogre
  9572 | D:8      | Killed a two-headed ogre
  9803 | D:8      | Found a bloodstained altar of Trog.
 10100 | D:8      | Found a basalt altar of Yredelemnul.
 10332 | D:8      | Reached skill level 7 in Shields
 10620 | D:8      | Killed Jackthecabe's ghost
 10783 | D:9      | Reached **** piety under Beogh
 10784 | D:9      | Reached skill level 5 in Dodging
 11073 | D:9      | Found a staircase to the Lair.
 11120 | D:9      | Found Geomp's Armour Emporium.
 11242 | D:9      | Found a radiant altar of Vehumet.
 11341 | D:9      | Found a sparkling altar of Nemelex Xobeh.
 11436 | D:9      | Found a hazy altar of Hepliaklqana.
 11506 | Lair:1   | Entered Level 1 of the Lair of Beasts
 11675 | Lair:1   | Identified the +1 robe of Kleptomania {Stlth+ Archmagi}
 11775 | Lair:1   | Noticed Fannar
 11811 | Lair:1   | Killed Fannar
 11812 | Lair:1   | Reached skill level 5 in Stealth
 11812 | Lair:1   | Reached skill level 8 in Shields
 11812 | Lair:1   | Reached XP level 11. HP: 95/95 MP: 11/11
 11931 | Lair:1   | Noticed a boulder beetle
 12561 | Lair:1   | Reached skill level 10 in Polearms
 13039 | Lair:1   | Killed a boulder beetle
 13040 | Lair:1   | Reached skill level 9 in Shields
 13736 | Lair:2   | Got the Catalogue of the Desert
 14141 | Lair:2   | Found a runed translucent door.
 14636 | Lair:2   | Reached XP level 12. HP: 68/105 MP: 12/12
 14872 | Lair:2   | Reached skill level 10 in Shields
 14917 | Lair:2   | Noticed Cusiw's ghost (journeyman DsGl)
 14923 | Lair:2   | Found a hide-covered altar of Uskayaw.
 15302 | Lair:2   | Noticed a seven-headed hydra
 15308 | Lair:2   | Killed a seven-headed hydra
 15444 | Lair:2   | Noticed a boulder beetle
 15446 | Lair:2   | Found a hole to the Spider Nest.
 15549 | Lair:2   | Killed a boulder beetle
 16165 | Lair:3   | Reached skill level 10 in Fighting
 16228 | Lair:3   | Found a hide-covered altar of Uskayaw.
 16297 | Lair:3   | Upgraded the game from 0.29-a0-1027-gcd8c55af63 to
                  | 0.29-a0-1033-gb6c65ffae6
 16415 | Lair:3   | Reached skill level 11 in Shields
 16468 | Lair:3   | Reached ***** piety under Beogh
 16583 | Lair:3   | Found a staircase to the Shoals.
 17502 | D:9      | Bought the +2 pair of boots "Coiddiw" {rCorr Dex+4} for 568
                  | gold pieces
 18004 | Lair:4   | Noticed a five-headed hydra
 18015 | Lair:4   | Killed a five-headed hydra
 18016 | Lair:4   | Reached XP level 13. HP: 114/114 MP: 13/13
 18031 | Lair:4   | Reached skill level 12 in Shields
 18956 | Lair:5   | Entered Level 5 of the Lair of Beasts
 19472 | Lair:5   | Gained Boghold as an ally
 19486 | Lair:5   | Your ally Boghold died
 19515 | Lair:5   | HP: 4/115 [black mamba (10)]
 19571 | Lair:5   | Found a staircase to the Slime Pits.
 19579 | Slime:1  | Entered Level 1 of the Pits of Slime
 20315 | Lair:4   | Reached skill level 13 in Shields
 20675 | Lair:5   | Noticed Josephine
 20915 | Lair:4   | Killed Josephine
 21656 | Lair:5   | Learned a level 1 spell: Sting
 21993 | Lair:5   | Paralysed by a hornet for 2 turns
 22447 | Lair:5   | Found the +7 great mace "Firestarter" {inner flame, rF++}
 22455 | Lair:5   | Identified the +3 trident "Veomoo" {elec, rC+ Will+ Int+2}
 22535 | Lair:5   | Reached XP level 14. HP: 124/124 MP: 14/14
 22600 | Lair:5   | Reached skill level 14 in Shields
 23260 | Lair:5   | Reached skill level 1 in Poison Magic
 23263 | Lair:5   | Learned a level 2 spell: Poisonous Vapours
 23342 | Lair:5   | Upgraded the game from 0.29-a0-1033-gb6c65ffae6 to
                  | 0.30-a0-949-g53dc5368d7
 23443 | Shoals:1 | Entered Level 1 of the Shoals
 23653 | Shoals:1 | HP: 2/124 [centaur warrior (8)]
 23656 | Shoals:1 | Slain by a centaur warrior

Illustrated notes

Levels and vault maps discovered:
D:1:      minmay_arrival_shattered_statue, layout_basic, basic_ecumenical_altar,
          serial_shops, nicolae_square_shop, nicolae_shop_window_shopping,
          nicolae_shop_hallway_plus, nicolae_shop_hallway_stairs
D:2:      layout_basic, corexii_leaking_fountain, uniq_sigmund
D:3:      layout_rooms
D:4:      layout_gridville, nicolae_tso_carved_into_rock,
          minmay_temple_entry_junction
D:5:      layout_basic, mainiacjoe_overflow_six_doors_small, fountainhead,
          cheibrodos_gnoll_hut, uniq_prince_ribbit1
D:6:      layout_cave_pools, slow_altar_1, fedhas_altar_fruit_tree,
          nicolae_eternal_life, reono_crystal_passage, grunt_ministairs_15,
          hex_tiny
D:7:      layout_basic, uniq_maggie
D:8:      layout_basic, kennysheep_ying_yang, trog_ov_bears_minmay,
          mainiacjoe_overflow_paths, ebering_ghost_gozag
D:9:      layout_roguey, kennysheep_mini, nemelex_spade_bored_becter,
          fiery_altar_vehumet, dpeg_oklobed_lair, serial_shops,
          nicolae_diamond_shop
Lair:1:   hellmonk_ruined_rings, layout_cave_shapes, uniq_fannar, uniq_urug
Lair:2:   layout_cave_pods, nicolae_spider_entry_non_spiders,
          hellmonk_ghost_happy_afterlife, basic_altar
Lair:3:   layout_long_grid, elwin_shoals_entry_rocks, basic_altar, minivault_11,
          grunt_megastairs_4, lemuel_fruit_fields
Lair:4:   layout_cave_pods
Lair:5:   gammafunk_lair_ancient_temple, layout_regular_city, slime_entry_1,
          uniq_rupert, uniq_josephine
Shoals:1: layout_shoals, gammafunk_ghost_wrathful_warriors
Slime:1:  layout_caves, basic_altar

Skill      XL: |  1  2  3  4  5  6  7  8  9 10 11 12 13 14 |
---------------+-------------------------------------------+-----
Axes           | 3 5 6 |  6.3
Fighting       | 4 5 6 7 8 9 10 11 | 11.5
Armour         | 4 |  4.4
Shields        | 4 5 8 9 11 13 14 | 14.0
Polearms       | 1 4 5 8 9 11 12 | 12.9
Dodging        | 1 2 3 4 5 6 7 9 |  9.0
Stealth        | 1 2 3 4 5 6 |  6.2
Evocations     | 1 2 |  2.3
Poison Magic   | 1 |  1.0
Spellcasting   | |  0.5
Transmutations | |  0.9
Invocations    | |  0.6

Action                     |  1- 3 |  4- 6 |  7- 9 | 10-12 | 13-15 || total
---------------------------+-------+-------+-------+-------+-------++-------
  Melee: War axe           |    95 |    57 |       |       |       ||   152
         Spear             |       |    82 |   452 |  1512 |  1270 ||  3316
   Cast: Sting             |       |       |       |       |    17 ||    17
 Invoke: Recall Orcish Fol |       |       |       |       |     2 ||     2
  Evoke: Wand              |       |     7 |    14 |    30 |     9 ||    60
    Use: Potion            |       |     5 |     4 |     1 |     8 ||    18
         Scroll            |       |       |    10 |    12 |     9 ||    31
   Stab: Sleeping          |       |     2 |     6 |    12 |     1 ||    21
         Distracted        |       |     1 |       |     2 |     5 ||     8
         Invisible         |       |       |     7 |       |       ||     7
         Confused          |       |       |       |       |     4 ||     4
 Armour: Scale mail        |    32 |       |       |       |       ||    32
         Robe              |       |    41 |   105 |   279 |   423 ||   848
         Skin              |       |       |     6 |       |       ||     6
  Dodge: Dodged            |    31 |    62 |   160 |   449 |   628 ||  1330
  Block: Buckler           |    22 |    32 |    95 |   747 |  1110 ||  2006

Table legend: (Time is in decaauts)
 A = Elapsed time spent in this place.
 B = Non-inter-level travel time spent in this place.
 C = Inter-level travel time spent in this place.
 D = Time resting spent in this place.
 E = Time spent auto-exploring this place.
 F = Levels seen in this place.
 G = Mean time per level.
                   A        B        C        D        E       F      G
               +--------+--------+--------+--------+--------+-----+--------+
         Total |  22353 |  21615 |    738 |   8266 |   9209 |  16 | 1397.1 |
       Dungeon |  11424 |  11039 |    385 |   3669 |   5689 |   9 | 1269.3 |
          Lair |  10711 |  10359 |    352 |   4596 |   3520 |   5 | 2142.2 |
        Shoals |    212 |    212 |      0 |      0 |      0 |   1 |  212.0 |
    Slime Pits |      4 |      4 |      0 |      0 |      0 |   1 |    4.0 |
               +--------+--------+--------+--------+--------+-----+--------+

Top non-repeatable levels by time:
  Lair:4: 2916 daAuts
     D:5: 2476 daAuts
  Lair:2: 2389 daAuts
  Lair:5: 2258 daAuts
  Lair:1: 1738 daAuts
     D:8: 1692 daAuts
     D:4: 1585 daAuts
  Lair:3: 1409 daAuts
     D:6: 1376 daAuts
     D:1: 1105 daAuts
     D:2: 953 daAuts
     D:7: 832 daAuts
     D:9: 827 daAuts
     D:3: 576 daAuts
Shoals:1: 212 daAuts
